 Dungeon Crawl Stone Soup version 0.25.1-2-g60ff931 (console) character file.

Game seed: 2661487559115385282

7140 Godmorgon the Grappler (level 10, -2/100 HPs)
             Began as a Troll Hunter on Sept 11, 2020.
             Slain by a hornet (16 damage)
             ... on level 8 of the Dungeon.
             The game lasted 00:55:51 (8103 turns).

Godmorgon the Grappler (Troll Hunter)               Turns: 8103, Time: 00:55:52

Health: -2/100     AC:  8    Str: 25    XL:     10   Next: 85%
Magic:  9/9        EV: 12    Int:  7    God:
Gold:   372        SH:  0    Dex: 10    Spells: 9/9 levels left

rFire    . . .     SeeInvis +     - Unarmed
rCold    + . .     Gourm    +   (no shield)
rNeg     . . .     Faith    .   b - +0 robe
rPois    .         Spirit   .   n - +1 hat {SInv}
rElec    .         Reflect  .   r - +0 cloak
rCorr    .         Harm     .   (gloves unavailable)
MR       .....                  (boots unavailable)
Stlth    +.........             (no amulet)
HPRegen  0.66/turn              N - ring of protection from cold
MPRegen  0.11/turn              (no ring)

@: slowed, very slow
A: large, unfitting armour, claws 3, fast metabolism 3, gourmand, regeneration
1, shaggy fur 1, tough skin 3
a: no special abilities


You were on level 8 of the Dungeon.
You were completely stuffed.

You visited 2 branches of the dungeon, and saw 9 of its levels.

You collected 372 gold pieces.

Inventory:

Hand Weapons
 m - a +1 dagger of speed
 w - a +0 dagger of electrocution
 x - a +4 dagger
Missiles
 c - 294 stones
 d - 31 poisoned darts
 e - 7 curare-tipped darts
 f - 5 javelins
 g - 4 large rocks
 h - 2 throwing nets
 L - 4 boomerangs (quivered)
Armour
 b - a +0 robe (worn)
 n - a +1 hat of see invisible (worn)
 r - a +0 cloak (worn)
Jewellery
 i - an uncursed ring of teleportation
 N - a ring of protection from cold (left claw)
Wands
 t - a wand of random effects (10)
 B - a wand of polymorph (5)
 G - a wand of enslavement (4)
 I - a wand of flame (10)
Scrolls
 a - 2 scrolls of random uselessness {unknown}
 o - 2 scrolls of fear {unknown}
 p - 6 scrolls of teleportation
 s - 2 scrolls of enchant weapon {unknown}
 u - 3 scrolls of noise {unknown}
 A - 2 scrolls of immolation
 D - 3 scrolls of remove curse
 F - 3 scrolls of enchant armour
 H - a scroll of blinking {unknown}
 J - a scroll of summoning {unknown}
 M - a scroll of magic mapping {unknown}
Potions
 k - 2 potions of lignification {unknown}
 l - 2 potions of flight
 q - a potion of invisibility {unknown}
 v - 4 potions of curing
 z - a potion of stabbing {unknown}
 C - a potion of mutation {unknown}
 E - a potion of brilliance {unknown}
Miscellaneous
 y - a phial of floods
Comestibles
 j - 16 rations
 K - 4 chunks of flesh


   Skills:
 + Level 6.9 Fighting
 + Level 9.4 Throwing
 + Level 5.4 Dodging
 - Level 0.3 Stealth
 + Level 9.4 Unarmed Combat


You had 9 spell levels left.
You didn't know any spells.
Your spell library contained the following spells:

 Spells                   Type           Power        Failure   Level  Hunger
 Confusing Touch          Hex            #.......     80%         3    ####...
 Gell's Gravitas          Tloc           #.........   80%         3    ####...
 Petrify                  Tmut/Erth      #.......     99%         4    #####..
 Metabolic Englaciation   Hex/Ice        #.........   100%        5    ######.
 Yara's Violent Unravell  Hex/Tmut       #.........   100%        5    ######.


Dungeon Overview and Level Annotations

Branches:
Dungeon (8/15)             Temple (1/1) D:6
   Lair: D:8-11

Altars:
Dithmenos
Elyvilon
Gozag
Hepliaklqana
Makhleb
Nemelex Xobeh
Qazlal
Ru
Sif Muna
Uskayaw
Vehumet
Yredelemnul
Zin
The Shining One
Lugonu

Annotations:
D:4 4 runed translucent doors


Innate Abilities, Weirdness & Mutations

You are too large for most types of armour.
You have claws for hands.
Your metabolism is lightning-fast.
You like to eat raw meat.
Your natural rate of healing is unusually fast.
You are covered in fur. (AC +1)
You have extremely tough skin. (AC +3)


Message History

The hornet misses you.
You miss the hornet.
The hornet is severely wounded.
You feel sick. The hornet stings you.
* * * LOW HITPOINT WARNING * * *
You feel as though you will be slow longer.
The hornet stings you!
* * * LOW HITPOINT WARNING * * *
You are more poisoned.
You suddenly lose the ability to move!
You feel sick.
The hornet stings you but does no damage.
The hornet stings you!
* * * LOW HITPOINT WARNING * * *
You feel as though you will be slow longer.
You feel sick.
The hornet stings you but does no damage.
You can move again.
You feel better. The hornet stings you!
You die...

#.#.# #.[............#
#.#.# #.>.....########
#.#.# #.......# ###.#
#.......# ######.######
####....#
#..........#.#.#.####.#
#.#######..##w#.# #.#
#...(#y# #.#
##.##@#a#####.#
#.#######....# ###
######


You could see a hornet.

Vanquished Creatures
  Gastronok (D:8)
  Harold (D:8)
  A hippogriff (D:4)
  A wyvern (D:8)
  12 yaks
  A hungry ghost (D:7)
  Duvessa (D:4)
  An orc warrior (D:6)
  An ice beast (D:6)
  2 sky beasts
  2 phantoms
  5 ogres
  A centaur (D:7)
  3 big kobolds
  A bullfrog (D:7)
  Dowan (D:4)
  3 howler monkeys
  4 crimson imps
  A bullfrog zombie (D:5)
  4 hounds
  3 orc priests
  A bullfrog skeleton (D:4)
  3 iron imps (D:4)
  3 iguanas
  5 worker ants
  3 orc wizards (D:4)
  A killer bee zombie (D:7)
  A hound skeleton (D:5)
  A worker ant zombie (D:5)
  12 adders
  2 shadow imps
  An ooze (D:4)
  2 worms
  4 dart slugs
  2 leopard geckos
  38 orcs
  5 bats
  10 giant cockroaches
  5 goblins
  6 hobgoblins
  4 jackals
  3 quokkas
  5 frilled lizards
  A jackal skeleton (D:5)
  22 kobolds
  2 leopard gecko skeletons
  A quokka skeleton (D:4)
  A quokka zombie (D:5)
  7 rats
201 creatures vanquished.

Notes
Turn   | Place    | Note
-------+----------+-------------------------------------------
     0 | D:1      | Godmorgon the Troll Hunter began the quest for the Orb.
     0 | D:1      | Reached XP level 1. HP: 19/19 MP: 0/0
   123 | D:1      | Reached XP level 2. HP: 28/28 MP: 1/1
   174 | D:1      | Reached skill level 1 in Unarmed Combat
   608 | D:1      | Reached XP level 3. HP: 35/35 MP: 2/2
  1423 | D:2      | Reached XP level 4. HP: 37/42 MP: 3/3
  2382 | D:3      | Reached XP level 5. HP: 49/50 MP: 4/4
  2545 | D:4      | Found a burning altar of Makhleb.
  2658 | D:4      | Reached skill level 5 in Throwing
  2658 | D:4      | Reached XP level 6. HP: 48/59 MP: 5/5
  2747 | D:4      | Found a large runed translucent door.
  2747 | D:4      | Found a large runed translucent door.
  2770 | D:4      | Noticed a yak
  2775 | D:4      | Found a large runed translucent door.
  2775 | D:4      | Found a large runed translucent door.
  3241 | D:4      | Reached XP level 7. HP: 67/67 MP: 6/6
  3447 | D:4      | Noticed a hippogriff
  3459 | D:4      | Killed a hippogriff
  3459 | D:4      | Reached skill level 5 in Unarmed Combat
  3783 | D:5      | Entered Level 5 of the Dungeon
  3792 | D:5      | Noticed Duvessa
  3793 | D:5      | Found a white marble altar of Elyvilon.
  3793 | D:5      | Noticed Dowan
  3930 | D:4      | Killed Duvessa
  3986 | D:4      | Killed Dowan
  4137 | D:5      | Found a radiant altar of Vehumet.
  4137 | D:5      | Found a hazy altar of Hepliaklqana.
  4166 | D:5      | Reached XP level 8. HP: 76/78 MP: 7/7
  5591 | D:6      | Reached XP level 9. HP: 85/85 MP: 8/8
  5834 | D:6      | Found a staircase to the Ecumenical Temple.
  5840 | Temple   | Entered the Ecumenical Temple
  5982 | D:7      | Found a hazy altar of Hepliaklqana.
  6588 | D:7      | Reached skill level 5 in Fighting
  7286 | D:8      | Found a hide-covered altar of Uskayaw.
  7397 | D:8      | Noticed Harold
  7415 | D:8      | HP: 4/88 [Harold/+0 glaive (25)]
  7416 | D:8      | Killed Harold
  7580 | D:8      | Noticed Gastronok
  7613 | D:8      | Killed Gastronok
  7613 | D:8      | Reached XP level 10. HP: 93/100 MP: 9/9
  7718 | D:8      | Reached skill level 5 in Dodging
  8091 | D:8      | Paralysed by a hornet for 2 turns
  8100 | D:8      | Paralysed by a hornet for 3 turns
  8101 | D:8      | HP: 5/100 [hornet (9)]
  8103 | D:8      | Slain by a hornet

Illustrated notes

Levels and vault maps discovered:
D:1:      minmay_arrival_hallway, layout_loops_ring
D:2:      layout_basic, kennysheep_decorative_pillar
D:3:      layout_rooms
D:4:      layout_basic, demons_altar, minmay_hollow_rounded_squares
D:5:      layout_basic, lemuel_doored_altar, grunt_temple_overflow_open,
          first_ration, serial_park_tiny_pond, uniq_duvessa
D:6:      layout_rooms, minmay_temple_entry_fiery
D:7:      layout_loops_ring, basic_altar
D:8:      argonaut_augean_stables, layout_basic, fedhas_ov_isle_minmay,
          eat_drink_and_be_merry_uskayaw, special_room [special_room_orc],
          hangedman_pestilent_swarm, uniq_harold, uniq_gastronok
Temple:   corrupted_temple

Skill      XL: |  1  2  3  4  5  6  7  8  9 10 |
---------------+-------------------------------+-----
Unarmed Combat | 1 2 3 4 5 7 8 9 |  9.4
Throwing       | 4 5 6 7 9 |  9.4
Fighting       | 2 3 4 6 |  6.9
Dodging        | 2 4 5 |  5.4
Stealth        | |  0.3

Action                   |  1- 3 |  4- 6 |  7- 9 | 10-12 || total
-------------------------+-------+-------+-------+-------++-------
Melee: Short sword       |    69 |       |       |       ||    69
       Punch             |     1 |       |     8 |     3 ||    12
       Unarmed           |    23 |   108 |   349 |    77 ||   557
Throw: Stone             |    40 |    27 |   135 |       ||   202
       Dart              |       |    25 |    48 |       ||    73
       Large rock        |       |     3 |     9 |       ||    12
       Throwing net      |       |       |     2 |       ||     2
  Use: Scroll            |       |       |     6 |       ||     6
       Potion            |       |       |       |     2 ||     2
 Stab: Sleeping          |     1 |     2 |     2 |     1 ||     6
       Held in net/web   |       |       |     1 |       ||     1
  Eat: Chunk             |    19 |    16 |    44 |     4 ||    83
       Ration            |       |       |     1 |       ||     1
Armor: Robe              |    43 |    33 |    94 |    13 ||   183
Dodge: Dodged            |    49 |    46 |   129 |    36 ||   260
